 Dungeon Crawl Stone Soup version 0.28.0-53-g5a82cb258f (webtiles) character file.

Game seed: 2460790714139339096

14 ILmort the Poker (level 2, -6/24 HPs)
             Began as a Merfolk Berserker on Aug 12, 2022.
             Was a Follower of Trog.
             Mangled by Sigmund
             ... wielding a +1 vorpal scythe
              (13 damage)
             ... on level 2 of the Dungeon.
             The game lasted 00:06:34 (965 turns).

ILmort the Poker (Merfolk Berserker)                 Turns: 965, Time: 00:06:35

Health: -6/24      AC:  2    Str: 17    XL:     2   Next: 41%
Magic:  2/2        EV: 12    Int:  6    God:    Trog [*.....]
Gold:   49         SH:  0    Dex: 13    Spells: 1/1 levels left

rFire   . . .      SeeInvis .   a - +0 spear
rCold   . . .      Faith    .   (no shield)
rNeg    . . .      Spirit   .   b - +0 animal skin
rPois   .          Reflect  .   (no helmet)
rElec   .          Harm     .   (no cloak)
rCorr   .          Rampage  .   (no gloves)
Will    .....                   (no boots)
Stlth   +.........              (no amulet)
HPRegen 0.08/turn               (no ring)
MPRegen 0.08/turn               (no ring)

@: no status effects
A: (nimble swimmer 2), mertail
a: Renounce Religion, Berserk


You were on level 2 of the Dungeon.
You worshipped Trog.
Trog was aware of your devotion.
You visited 1 branch of the dungeon, and saw 2 of its levels.

You collected 49 gold pieces.

Inventory:

Hand Weapons
 a - a +0 spear (weapon)
Armour
 b - a +0 animal skin (worn)
Jewellery
 e - a ring of wizardry
Scrolls
 c - a scroll of identify {unknown}
 d - a scroll of teleportation {unknown}
 g - a scroll of fog {unknown}
 h - a scroll of torment {unknown}
Potions
 f - a potion of might {unknown}


   Skills:
 - Level 3.3 Fighting
 + Level 5.3 Polearms
 - Level 1.4 Armour
 - Level 2.8 Dodging


You had one spell level left.
You didn't know any spells.
Your spell library was empty.

Dungeon Overview and Level Annotations

Branches:
Dungeon (2/15)

Altars:

Annotations:
D:2 Sigmund


Innate Abilities, Weirdness & Mutations

((You are very nimble when in or above water. (Stealth+, EV+, Speed+++)))
Your lower body shifts to a powerful aquatic tail in water.


Message History

Reach: a) +0 spear
Press: ? - help, Dir - move target, f/p - Sigmund
Aim: Sigmund, wielding a +1 vorpal scythe and wearing a +0 robe (lightly wounded, about 40% to evade your +0 spear)
You reach to attack!
You barely miss Sigmund.
Sigmund is lightly wounded.
The endoplasm quivers.
A rat comes into view.
Sigmund misses you.
Reach: a) +0 spear
Press: ? - help, Dir - move target, f/p - Sigmund
Aim: Sigmund, wielding a +1 vorpal scythe and wearing a +0 robe (lightly wounded, about 40% to evade your +0 spear)
You reach to attack!
You hit Sigmund.
Sigmund is moderately wounded.
Reach: a) +0 spear
Press: ? - help, Dir - move target, f/p - Sigmund
Aim: Sigmund, wielding a +1 vorpal scythe and wearing a +0 robe (moderately wounded, about 40% to evade your +0 spear)
You reach to attack!
You closely miss Sigmund.
Sigmund is moderately wounded.
Sigmund hits you from afar with a +1 vorpal scythe.
Reach: a) +0 spear
Press: ? - help, Dir - move target, f/p - Sigmund
Aim: Sigmund, wielding a +1 vorpal scythe and wearing a +0 robe (moderately wounded, about 40% to evade your +0 spear)
You reach to attack!
You hit Sigmund but do no damage.
Sigmund is moderately wounded.
Reach: a) +0 spear
Press: ? - help, Dir - move target, f/p - Sigmund
Aim: Sigmund, wielding a +1 vorpal scythe and wearing a +0 robe (moderately wounded, about 40% to evade your +0 spear)
The endoplasm is in the way.
You hit the endoplasm but do no damage.
Sigmund hits you from afar with a +1 vorpal scythe!
* * * LOW HITPOINT WARNING * * *
You hit the endoplasm.
The endoplasm is moderately wounded.
The endoplasm barely misses you.
You hit the endoplasm but do no damage.
The endoplasm is moderately wounded.
The endoplasm jiggles.
The endoplasm misses you.
Sigmund hits you from afar with a +1 vorpal scythe!
Ouch! That really hurt!
You die...

#.#########
#....J@...#
#...@r###.#
#.###. #<#
#. #.# #.
#.# .. #.#
## #.# #.#
#.#


You could see Sigmund, an endoplasm and a rat.

Vanquished Creatures
  A ball python (D:1)
  5 endoplasms (D:1)
  A giant cockroach (D:1)
  2 frilled lizards (D:1)
  4 rats (D:1)
13 creatures vanquished.

Notes
Turn   | Place    | Note
-------+----------+-------------------------------------------
     0 | D:1      | ILmort the Merfolk Berserker began the quest for the Orb.
     0 | D:1      | Reached XP level 1. HP: 18/18 MP: 1/1
     2 | D:1      | Noticed a troll
     2 | D:1      | Noticed a draconian
     4 | D:1      | Noticed a tengu
     4 | D:1      | Noticed a merfolk
     6 | D:1      | Noticed a naga
     8 | D:1      | Noticed a formicid
     8 | D:1      | Noticed a dwarf
    10 | D:1      | Noticed an ogre
    12 | D:1      | Noticed a minotaur
    16 | D:1      | Noticed a demonspawn
    16 | D:1      | Noticed a vine stalker
    18 | D:1      | Noticed a human
    18 | D:1      | Noticed an octopode
    20 | D:1      | Noticed a felid
    20 | D:1      | Noticed a vampire
    22 | D:1      | Noticed an elf
    22 | D:1      | Noticed a gargoyle
    24 | D:1      | Noticed a spriggan
    24 | D:1      | Noticed a demigod
    26 | D:1      | Noticed a ghoul
   230 | D:1      | Reached XP level 2. HP: 24/24 MP: 2/2
   412 | D:1      | Reached skill level 5 in Polearms
   734 | D:1      | Found a faded altar of an unknown god.
   947 | D:2      | Noticed Sigmund
   965 | D:2      | Mangled by Sigmund

Illustrated notes

Levels and vault maps discovered:
D:1:      kb_arrival_jail, layout_basic, dilly_ecumenical_altar_fadedgnrine,
          minmay_curled_crystal
D:2:      layout_loops_ring, serial_shops, nicolae_shop_stone, shop,
          uniq_sigmund

Skill      XL: |  1  2 |
---------------+-------+-----
Polearms       | 5 |  5.3
Fighting       | |  3.3
Armour         | |  1.4
Dodging        | |  2.8

Action                   || total
-------------------------++-------
Melee: Spear             ||    39
 Stab: Sleeping          ||     1
Armor: Animal skin       ||     2
Dodge: Dodged            ||    12
